 Dungeon Crawl Stone Soup version 0.16-a0-327-gbff0e38 (webtiles) character file.

65 Afay the Magician (level 3, 0/24 HPs)
             Began as a Mummy Wizard on Sept 5, 2014.
             Slain by a rat (2 damage)
             ... on Level 3 of the Dungeon.
             The game lasted 00:08:45 (3077 turns).

Afay the Magician (Mummy Wizard)                    Turns: 3077, Time: 00:08:45

HP   0/24        AC  2     Str 10      XL: 3   Next: 94%
MP   4/8         EV 12     Int 18      God:
Gold 108         SH  0     Dex 10      Spells:  4 memorised,  1 level left

rFire  x . .     SeeInvis .     g - +0 short sword
rCold  + . .     Clarity  .     a - +0 robe
rNeg   + + +     rCorr    .     (no shield)
rPois  +         rRot     +     b - +0 hat
rElec  .         Spirit   .     (no cloak)
SustAb .         Warding  .     (no gloves)
rMut   .         Stasis   .     (no boots)
Gourm  .                        (no amulet)
MR     .....                    (no ring)
                                (no ring)

@: not resistant to hostile enchantments, unstealthy
A: no food or potions, fire vulnerability, restore body, cold resistance 1,
negative energy resistance 3, poison resistance, torment resistance, unbreathing
a: no special abilities


You were on level 3 of the Dungeon.
You were not hungry.

You visited 1 branch of the dungeon, and saw 3 of its levels.

You collected 108 gold pieces.

Inventory:

Hand weapons
 g - a +0 short sword (weapon)
Armour
 a - a +0 robe (worn)
 b - a +0 hat (worn)
Scrolls
 d - a scroll of enchant armour {unknown}
 e - a scroll of magic mapping {unknown}
 f - a scroll of random uselessness {unknown}
 h - 4 scrolls of remove curse {unknown}
 i - 2 scrolls of amnesia {unknown}
 j - a scroll of fear {unknown}
 k - a scroll of teleportation {unknown}
Books
 c - a book of Minor Magic

   Spells                             Type                      Level
   *Magic Dart                        Conjuration                  1
   *Blink                             Translocation                2
   *Call Imp                          Summoning                    2
   *Repel Missiles                    Charms/Air                   2
   Slow                               Hexes                        2
   Conjure Flame                      Conjuration/Fire             3
   Mephitic Cloud                     Conjuration/Poison/Air       3


   Skills:
 + Level 0.2 Fighting
 + Level 1.6 Dodging
 + Level 1.9 Stealth
 - Level 3.4 Spellcasting
 * Level 1.9 Conjurations
 * Level 1.4 Summonings
 + Level 0.7 Translocations
 + Level 0.1 Air Magic


You had one spell level left.
You knew the following spells:

 Your Spells              Type           Power        Failure   Level  Hunger
a - Magic Dart            Conj           ##..         10%         1    N/A
b - Blink                 Tloc           N/A          17%         2    N/A
c - Call Imp              Summ           #.......     14%         2    N/A
d - Repel Missiles        Chrm/Air       #.....       28%         2    N/A

Dungeon Overview and Level Annotations

Branches:
Dungeon (3/15)

Altars:
Xom


Innate Abilities, Weirdness & Mutations

You do not eat or drink.
Your flesh is vulnerable to fire.
Your flesh is cold resistant.
You are immune to negative energy.
Your system is resistant to poisons.
You are immune to unholy pain and torment.
You can survive without breathing.


Message History

Orders for allies: a - Attack new target. r - Retreat! s - Stop attacking. w - Wait here. f - Follow me.
Anything else - Stay silent.
Gang up on whom?
Press: ? - help, Dir - move target cursor, f - orc
Aim: an orc, wielding a club and wearing a leather armour Attack!
Something hits your shadow imp.
Your crimson imp blinks! x2
A rat comes into view.
The rat moves out of view.
An orc comes into view. It is wielding a runed short sword.
Your crimson imp hits the orc.
Your shadow imp gestures at the orc.
The orc convulses in agony!
The orc dies!
Your crimson imp barely misses the rat.
Your crimson imp misses the rat.
The rat bites you.
You die...

..#. #....5.## # #....
#.5###.(######.#
......##).####........##
.......................#
.........##....(...[...#
...........##.##.#####.#
..........o##o##.#
######..r.#...#.##
#....@#.#.#..## .
##.####..#.##..# ...
.........<...##.#.....#
#........###.......>).#
..#.###### #..#.#..<..#
##.).......# ##.....!..#
##....... #..####


You could see an orc and a rat.

Vanquished Creatures
  An ooze (D:1)
  A ball python (D:2)
  5 hobgoblins
  A jackal (D:1)
  7 kobolds
  3 bats
  A giant gecko (D:1)
  3 giant newts (D:1)
  3 goblins (D:1)
  7 rats
32 creatures vanquished.

Vanquished Creatures (collateral kills)
  4 adders (D:2)
  An orc (D:3)
  3 goblins (D:2)
  2 hobgoblins (D:2)
  3 jackals (D:1)
  A giant gecko (D:2)
  A giant newt (D:2)
  3 kobolds (D:2)
  2 rats (D:2)
20 creatures vanquished.

Vanquished Creatures (others)
  A shadow imp (D:3)
1 creature vanquished.

Grand Total: 53 creatures vanquished

Notes
Turn   | Place    | Note
--------------------------------------------------------------
     0 | D:1      | Afay, the Mummy Wizard, began the quest for the Orb.
     0 | D:1      | Reached XP level 1. HP: 13/13 MP: 4/4
   568 | D:1      | Reached skill level 1 in Conjurations
   628 | D:1      | Reached XP level 2. HP: 7/19 MP: 0/6
   829 | D:1      | Learned a level 2 spell: Blink
   832 | D:1      | Learned a level 2 spell: Call Imp
   835 | D:1      | Learned a level 2 spell: Repel Missiles
  1226 | D:1      | Reached skill level 1 in Summonings
  1805 | D:2      | Found a shimmering altar of Xom.
  1812 | D:2      | Reached XP level 3. HP: 24/24 MP: 4/8
  3063 | D:3      | HP: 1/24 [orc priest/divine providence (13)]
  3077 | D:3      | Slain by a rat

Action                   || total
-------------------------++-------
Melee: Dagger            ||     7
       Short sword       ||    13
 Cast: Magic Dart        ||    77
       Call Imp          ||    28
       Repel Missiles    ||     1
